cohdb
Replays
Latest Replays
All Replays
Popular Replays
Top Player Replays
Match Explorer
How It Works
Community
CoH3 Stats
Reddit
Sign in to upload your games and track your stats! →
Sign in with Steam
Match 30513197
Unlisted
Match 30513197
Overview
Messages
Build Orders
End
Scout Squad
Scout Squad
Scout Squad
Scout Squad
Scout Squad
Scout Squad
Scout Squad
Construct Weapon Support Center
M1919 Machine Gun Team
Infantry Support Center
Selects Airborne Battlegroup
Survival Training
Advanced Logistics
iAinEng
PurpleShellCrab
JeonGong
Akaxiya
So1os
father, Stalin
大草原上的小肥羊
MR.29
0
0
Comments
sign in to comment!
No comments posted yet!